 Dungeon Crawl Stone Soup version 0.27-a0-1184-ge86db4a01e (webtiles) character file.

Game seed: 6211943593139591569

1588995 sawcon the Hill Orc Barricade (level 27, 266/266 HPs)
             Began as a Hill Orc Fighter on May 17, 2021.
             Was an Elder of Wu Jian.
             Escaped with the Orb
             ... and 3 runes on May 19, 2021!
             The game lasted 05:50:36 (78981 turns).

sawcon the Hill Orc Barricade (Hill Orc Fighter)   Turns: 78981, Time: 05:50:37

Health: 266/266    AC: 39    Str: 35    XL:     27
Magic:  33/33      EV: 20    Int: 18    God:    Wu Jian [****..]
Gold:   3441       SH: 30    Dex: 18    Spells: 26/26 levels left

rFire    + + +     SeeInvis +   a - +14 obsidian axe {vorpal, Drain Fly SInv}
rCold    + + +     Faith    .   r - +5 kite shield of Surchiur {+Blink rCorr Dex-3 Slay+2}
rNeg     . . .     Spirit   .   R - +10 plate armour of Opimutru {Fly Str+3 Slay+3}
rPois    +         Reflect  +   D - +3 hat of Pondering {ponderous, Will+ MP+10 Int+5}
rElec    +         Harm     .   e - scarf {rC+ rF+}
rCorr    +         Rampage  .   O - +0 pair of fencer's gloves {Riposte Dex+3}
Will     +++++     Rnd*Rage +   B - +2 pair of boots {Stlth+}
Stlth    ..........             F - amulet of reflection
HPRegen  0.54/turn              z - ring "Geokinn" {EV+4 Int+7 Dex+2}
MPRegen  0.23/turn              K - ring "Puhes" {rElec rC+ Will++ Int-4 Dex+6}

@: flying, slow
A: horns 1, talons 1, berserk 1, clever 1, cold resistance 1, fire resistance 2,
poison resistance, evolution 1
0: Orb of Zot
}: 3/15 runes: barnacled, silver, gossamer
a: Renounce Religion, Evoke Blink, Wall Jump, Serpent's Lash


You escaped.
You worshipped Wu Jian.
Wu Jian was greatly pleased with you.
You visited 9 branches of the dungeon, and saw 49 of its levels.
You visited the Abyss 2 times.
You also visited: Sewer and Ice Cave.

You collected 8815 gold pieces.
You spent 5374 gold pieces at shops.

Inventory:

Hand Weapons
 a - the +14 obsidian axe (weapon) {vorpal, Drain Fly SInv}
   (You acquired it on level 2 of the Realm of Zot)

   It inflicts extra damage upon your enemies.
   It lets you see invisible.
   It grants you flight.
   It drains your maximum health when unequipped.
 b - a +9 vorpal broad axe
 v - a +0 hand axe of distortion
Missiles
 c - 7 throwing nets
 n - 7 curare-tipped darts
 I - 29 silver javelins (quivered)
Armour
 e - a scarf of resistance (worn)
 r - the +5 kite shield of Surchiur (worn) {+Blink rCorr Dex-3 Slay+2}
   (You took it off a vault guard on level 5 of the Vaults)

   It affects your dexterity (-3).
   It affects your accuracy and damage with ranged weapons and melee attacks
   (+2).
   It lets you blink.
   It protects you from acid and corrosion.
 B - a +2 pair of boots of stealth (worn)
 D - the +3 hat of Pondering (worn) {ponderous, Will+ MP+10 Int+5}
   (You found it on level 3 of the Elven Halls)

   It affects your intelligence (+5).
   It affects your magic capacity (+10).
   It increases your willpower.
 O - the +0 pair of fencer's gloves (worn) {Riposte Dex+3}
   (You bought it in a shop on level 3 of the Depths)

   It affects your dexterity (+3).
 R - the +10 plate armour of Opimutru (worn) {Fly Str+3 Slay+3}
   (You found it on level 3 of the Shoals)

   It affects your strength (+3).
   It affects your accuracy and damage with ranged weapons and melee attacks
   (+3).
   It grants you flight.
Jewellery
 f - a ring of see invisible
 z - the ring "Geokinn" (left hand) {EV+4 Int+7 Dex+2}
   (You found it in an ice cave)

   [ring of evasion]

   It affects your evasion (+4).
   It affects your intelligence (+7).
   It affects your dexterity (+2).
 A - the ring "Isikh" {rF+ Will+}
   (You bought it in a shop on level 2 of the Depths)

   [ring of protection from fire]

   It protects you from fire.
   It increases your willpower.
 F - an amulet of reflection (around neck)
 K - the ring "Puhes" (right hand) {rElec rC+ Will++ Int-4 Dex+6}
   (You took it off a vampire mage on level 4 of the Depths)

   [ring of dexterity]

   It affects your intelligence (-4).
   It affects your dexterity (+6).
   It protects you from cold.
   It insulates you from electricity.
   It greatly increases your willpower.
 L - a ring of protection from fire
Wands
 d - a wand of acid (30)
 o - a wand of charming (8)
 u - a wand of digging (11)
 w - a wand of paralysis (40)
 V - a wand of iceblast (43)
Scrolls
 g - 12 scrolls of immolation
 j - 3 scrolls of fog
 k - 12 scrolls of teleportation
 l - 4 scrolls of vulnerability
 x - 3 scrolls of blinking
 y - a scroll of holy word
 G - 3 scrolls of silence
 N - a scroll of enchant armour
 Q - 3 scrolls of fear
 T - a scroll of magic mapping
 W - 23 scrolls of identify
 X - 4 scrolls of torment
Potions
 h - 11 potions of haste
 m - 16 potions of attraction
 p - 3 potions of berserk rage
 q - 17 potions of curing
 s - 9 potions of heal wounds
 t - 4 potions of invisibility
 C - 4 potions of resistance
 H - a potion of mutation
 J - 6 potions of might
 P - 3 potions of magic
 Y - 2 potions of cancellation
 Z - 9 potions of ambrosia
Miscellaneous
 i - a tin of tremorstones (2/2)
 E - a phial of floods
 M - a phantom mirror
 S - a condenser vane
 U - a box of beasts


   Skills:
 + Level 25.4 Fighting
 - Level 17.9(18.0) Axes
 - Level 0.7(10.4) Maces & Flails
 - Level 16.0 Throwing
 - Level 22.0 Armour
 - Level 13.0 Dodging
 O Level 27 Shields
 - Level 17.0 Evocations


You had 26 spell levels left.
You didn't know any spells.
Your spell library contained the following spells:

 Spells                   Type           Power      Damage    Failure   Level
 Animate Skeleton         Necr           0%         N/A       56%         1
 Apportation              Tloc           0%         N/A       56%         1
 Corona                   Hex            0%         N/A       56%         1
 Freeze                   Ice            0%         1d3       56%         1
 Magic Dart               Conj           0%         1d3       56%         1
 Pain                     Necr           0%         1d4       56%         1
 Sandblast                Erth           0%         2d4       56%         1
 Sting                    Tmut/Pois      0%         1d3       56%         1
 Corpse Rot               Necr/Air       N/A        N/A       71%         2
 Ensorcelled Hibernation  Hex/Ice        0%         N/A       71%         2
 Passwall                 Tmut/Erth      0%         N/A       71%         2
 Poisonous Vapours        Pois/Air       0%         N/A       71%         2
 Searing Ray              Conj           0%         3d3       71%         2
 Slow                     Hex            0%         N/A       71%         2
 Sublimation of Blood     Necr           0%         N/A       71%         2
 Confusing Touch          Hex            0%         N/A       90%         3
 Dazzling Flash           Conj/Hex       0%         N/A       90%         3
 Frozen Ramparts          Ice            0%         1d2       90%         3
 Gell's Gravitas          Tloc           0%         N/A       90%         3
 Ignite Poison            Fire/Tmut/Pois 0%         N/A       90%         3
 Inner Flame              Hex/Fire       0%         N/A       90%         3
 Lesser Beckoning         Tloc           0%         N/A       90%         3
 Mephitic Cloud           Conj/Pois/Air  0%         N/A       90%         3
 Ozocubu's Armour         Ice            0%         N/A       90%         3
 Portal Projectile        Hex/Tloc       0%         N/A       90%         3
 Spider Form              Tmut/Pois      0%         N/A       90%         3
 Stone Arrow              Conj/Erth      0%         3d7       90%         3
 Tukima's Dance           Hex            0%         N/A       90%         3
 Vampiric Draining        Necr           0%         2d6       90%         3
 Animate Armour           Summ/Erth      0%         N/A       100%        4
 Animate Dead             Necr           0%         N/A       100%        4
 Cause Fear               Hex            0%         N/A       100%        4
 Dispel Undead            Necr           0%         3d6       100%        4
 Fulminant Prism          Conj/Hex       0%         3d6       100%        4
 Hailstorm                Conj/Ice       0%         3d3       100%        4
 Iskenderun's Mystic Bla  Conj/Tloc      0%         2d3       100%        4
 Leda's Liquefaction      Hex/Erth       0%         N/A       100%        4
 Olgreb's Toxic Radiance  Pois           0%         N/A       100%        4
 Petrify                  Tmut/Erth      0%         N/A       100%        4
 Sticky Flame             Conj/Fire      0%         2d3       100%        4
 Summon Lightning Spire   Summ/Air       0%         N/A       100%        4
 Agony                    Necr           0%         N/A       100%        5
 Alistair's Intoxication  Tmut/Pois      0%         N/A       100%        5
 Borgnjor's Vile Clutch   Necr/Erth      0%         N/A       100%        5
 Excruciating Wounds      Necr           0%         N/A       100%        5
 Irradiate                Conj/Tmut      0%         3d13      100%        5
 Iskenderun's Battlesphe  Conj           0%         2d6       100%        5
 Lee's Rapid Deconstruct  Erth           0%         3d5*      100%        5
 Lightning Bolt           Conj/Air       0%         1d11      100%        5
 Manifold Assault         Tloc           0%         N/A       100%        5
 Metabolic Englaciation   Hex/Ice        0%         N/A       100%        5
 Silence                  Hex/Air        0%         N/A       100%        5
 Yara's Violent Unravell  Hex/Tmut       0%         3d3       100%        5
 Conjure Ball Lightning   Conj/Air       0%         3x3d6     100%        6
 Death Channel            Necr           0%         N/A       100%        6
 Eringya's Noxious Bog    Tmut/Pois      0%         N/A       100%        6
 Invisibility             Hex            0%         N/A       100%        6
 Simulacrum               Ice/Necr       0%         N/A       100%        6
 Haunt                    Necr/Summ      0%         N/A       100%        7
 Malign Gateway           Summ/Tloc      0%         N/A       100%        7
 Monstrous Menagerie      Summ           0%         N/A       100%        7
 Borgnjor's Revivificati  Necr           0%         N/A       100%        8
 Discord                  Hex            0%         N/A       100%        8
 Infestation              Necr           0%         N/A       100%        8
 Necromutation            Tmut/Necr      0%         N/A       100%        8
 Summon Horrible Things   Summ           0%         N/A       100%        8
 Death's Door             Necr           0%         N/A       100%        9
 Shatter                  Erth           0%         3d5*      100%        9
 Tornado                  Air            0%         N/A       100%        9


Dungeon Overview and Level Annotations

Branches:
Dungeon (15/15)            Temple (0/1) D:7            Lair (6/6) D:8
 Shoals (4/4) Lair:2       Spider (4/4) Lair:2        Slime (0/5) Lair:6
    Orc (2/2) D:12            Elf (3/3) Orc:2        Vaults (5/5) D:13
  Crypt (0/3) Vaults:3     Depths (5/5) D:15            Zot (5/5) Depths:5
  Sewer (visited)           IceCv (visited)

Altars:
Ashenzari
Elyvilon
Hepliaklqana
Kikubaaqudgha
Makhleb
Okawaru
Qazlal
Trog
Uskayaw
Vehumet
Wu Jian
Xom
Yredelemnul
The Shining One
Beogh
Jiyva

Shops:
D:3 !   D:6 [   D:11 (   Orc:2 :(![   Elf:2 :   Elf:3 (   Shoals:2 *
Vaults:2 !   Vaults:5 *   Depths:2 :=:   Depths:3 (:([(

Portals:
Hell: Depths:1 Depths:2 Depths:3 Depths:4 Depths:5
Abyss: Depths:4 Depths:5
Pandemonium: Depths:2 Depths:3 Depths:4
Ziggurat: Depths:2

Annotations:
D:4 1 runed translucent door, Crazy Yiuf
D:5 1 exclusion
Lair:1 2 transporters, MikuNakano's ghost, journeyman VSFi
Lair:3 Snorg
Lair:5 exclusion: 2 oklob plants
Shoals:2 Ilsuiw
Elf:2 3 runed translucent doors
Vaults:2 8 runed translucent doors, howech's ghost, veteran MiGl
Depths:3 exclusion: 3 statues


Innate Abilities, Weirdness & Mutations

You have a pair of small horns on your head.
You have sharp toenails.
You tend to lose your temper in combat.
Your mind is acute. (Int +2)
Your flesh is cold resistant. (rC+)
Your flesh is very heat resistant. (rF++)
Your system is resistant to poisons. (rPois)
You evolve.


Message History

(N) Spider Nest (M) Slime Pits (O) Orcish Mines (E) Elven Halls (V) Vaults (C) Crypt (U) Depths (H) Hell (Z) Zot
Where to? (Enter - D:1 @ (x,y), ? - help) HP restored.
You feel less exhausted.
You feel a genetic drift.
There is an escape hatch in the ceiling here.
A mysterious force pulls you upwards. The hatch slams shut behind you.
Level annotation: 1 runed translucent door, Crazy Yiuf
There is a stone staircase leading up here.
You fly upwards.
There is a stone staircase leading down here.
A shadow demon comes into view.
The shadow demon gestures.
There is a stone staircase leading up, spattered with blood here.
The shadow demon gestures.
You block the giant cockroach's attack.
You fly upwards.
There is a stone staircase leading down here.
You see here a +0 scale mail.
(D) Dungeon (T) Temple (L) Lair (A) Shoals (N) Spider Nest (M) Slime Pits (O) Orcish Mines (E) Elven Halls (V) Vaults (C) Crypt (U) Depths (H) Hell (Z) Zot
Where to? (Enter - D:1 @ (x,y), ? - help)
Things that are here:
a +0 dagger; a +0 dagger
There is a stone staircase leading up here.
You fly upwards.
There is a stone staircase leading down here.
There is an open door here.
You see here a +0 club.
There is a staircase leading out of the dungeon here.
Really wield
a - the +14 obsidian axe {vorpal, Drain Fly SInv}?
You feel rather light.
a - the +14 obsidian axe (weapon)
{vorpal, Drain Fly SInv} An Orb Guardian comes into view.
Visions of slaying the Orb Guardian flood into your mind.
You have escaped!

######............#######.###...#
#...#######..# #).......
#...##...##..# ######.##
#...#.###.'..# #.#
#...#.#≈'.#..## #.#
#...#.###.#..X# #.#
#...##...##...# #.#
#...#######...# ##.##
#..........@..####### ##>... ####
##..................###...## ...#
##########.#######.##.#[.# ...##
#.#######)#.##..## ....####
#.#..............# ..###..#
#.#.#..##.#.#..... ### ##.#
######.#.#..##.##.#.... #.#
##..)...#.#..##.###.#.##
######.###..####.........# ###.#


You could see an Orb Guardian.

Vanquished Creatures
  5 dread liches
  3 ancient liches (Zot:5)
  6 orbs of fire (Zot:5)
  Mara (Depths:4)
  Margery (Vaults:3)
  Xtahua (Depths:4)
  2 Killer Klowns (Zot:5)
  A curse toe (Zot:4)
  8 golden dragons
  4 caustic shrikes (Depths:5)
  2 bone dragons
  2 Tzitzimimeh
  3 tentacled monstrosities
  4 liches
  22 Orb Guardians
  Jorgrun (D:12)
  4 titans (Vaults:5)
  2 deep elf blademasters (Elf:3)
  2 quicksilver dragons
  2 deep elf master archers (Elf:3)
  5 death cobs
  7 sphinxes
  A tentacled starspawn (Abyss:3)
  Frances (Shoals:1)
  8 shadow dragons
  A revenant (Vaults:2)
  Agnes (Spider:1)
  5 tengu reavers
  9 storm dragons
  2 draconian monks (Zot:5)
  7 ghost moths
  4 fire giants
  8 frost giants
  2 draconian knights (Zot:5)
  An orc warlord (Orc:1)
  12 deep elf sorcerers
  7 emperor scorpions
  15 vault wardens
  A draconian shifter (Depths:4)
  A curse skull (Depths:4)
  3 deep elf elementalists (Elf:3)
  3 draconian stormcallers
  7 war gargoyles
  3 draconian annihilators
  A vampire knight (Depths:3)
  17 ironbound preservers
  34 very ugly things
  18 stone giants
  9 green draconians
  5 yellow draconians
  5 deep elf demonologists
  5 entropy weavers
  6 purple draconians
  6 dire elephants
  6 black draconians
  Azrael (D:12)
  7 red draconians
  10 deep elf annihilators
  4 white draconians
  3 merfolk javelineers
  7 spark wasps
  2 crystal guardians
  7 deep elf death magi
  11 ettins
  5 deep elf high priests
  8 merfolk impalers
  9 fire dragons
  Josephine (D:13)
  Fannar (D:12)
  12 yaktaur captains
  A jiangshi (Vaults:3)
  3 great orbs of eyes
  32 vault guards
  6 ironbound thunderhulks
  3 hydras
  3 rakshasas
  A catoblepas (Shoals:3)
  9 boulder beetles
  10 ice dragons
  4 merfolk avatars
  3 ogre magi
  5 spriggan air magi
  3 peacekeepers
  Erolcha (D:12)
  14 centaur warriors
  7 ironbound frosthearts
  The ghost of kd29 the Geomancer, a journeyman GrEE of Ashenzari (D:10)
  11 dancing weapons
  8 merfolk aquamancers
  A two-headed ogre (shapeshifter) (Elf:1)
  An anaconda (shapeshifter) (Vaults:5)
  2 alligator snapping turtles
  6 satyrs
  12 two-headed ogres
  10 death yaks
  8 deep troll shamans
  10 deep troll earth magi
  A satyr (shapeshifter) (D:14)
  10 ironbound beastmasters
  11 tengu warriors
  3 thrashing horrors (Abyss:3)
  An orc high priest (Elf:3)
  24 deep elf knights
  2 vampire magi
  3 spriggan berserkers
  6 soul eaters (Depths:4)
  23 hell knights
  A wretched star (Abyss:3)
  13 iron trolls
  A goliath frog (shapeshifter) (Vaults:5)
  3 skeletal warriors (D:15)
  A fire crab (shapeshifter) (D:13)
  2 spark wasp zombies (Depths:3)
  4 glowing orange brains
  A shadow demon (Depths:3)
  6 sea snakes
  A torturous demonspawn (Depths:4)
  78 deep trolls
  A golden dragon zombie (Depths:3)
  13 lindwurms
  A sphinx zombie (Vaults:2)
  A golden dragon skeleton (Depths:1)
  13 harpies
  2 swamp dragons
  12 deep elf archers
  17 ironbound convokers
  4 phantasmal warriors (Vaults:5)
  9 wizards
  34 deep elf zephyrmancers
  3 orc knights
  22 orb spiders
  14 necromancers
  2 stone giant zombies
  27 deep elf pyromancers
  17 wolf spiders
  An orc sorcerer (Orc:2)
  A wolf spider (shapeshifter) (Vaults:5)
  14 large abominations
  16 fauns
  A frost giant zombie (Depths:1)
  52 ugly things
  12 manticores
  A faun (shapeshifter) (Vaults:5)
  8 cyclopes
  28 slime creatures
  A black mamba (Lair:6)
  An ice statue (IceCv)
  A guardian serpent (shapeshifter) (Elf:3)
  13 merfolk sirens
  A sphinx skeleton (Depths:2)
  An apocalypse crab (Abyss:3)
  7 water nymphs
  2 rust devils
  15 moths of wrath
  A frost giant skeleton (Vaults:2)
  A stone giant skeleton (Depths:1)
  Joseph (D:10)
  2 smoke demons
  16 vault sentinels
  4 centaur zombies
  2 gargoyles
  7 cane toads
  An unseen horror (Depths:5)
  A hellion (Depths:4)
  6 torpor snails
  7 demonic crawlers
  Psyche (D:8)
  9 komodo dragons
  2 yaktaurs (shapeshifter)
  A kobold demonologist (Abyss:3)
  5 rime drakes
  An ice devil (Depths:3)
  5 tengu conjurers
  41 yaktaurs
  6 harpy zombies (Shoals:2)
  A freezing wraith (Vaults:5)
  3 efreet
  A spriggan skeleton (Depths:2)
  An elf skeleton (Vaults:2)
  A hellwing (Depths:3)
  6 trolls
  A queen bee (D:10)
  8 wind drakes
  A meliai (shapeshifter) (Vaults:5)
  20 polar bears
  28 merfolk
  23 jumping spiders
  4 tyrant leeches (Lair:6)
  A raiju (Elf:3)
  4 blink frogs (Lair:4)
  A slime creature (shapeshifter) (Vaults:3)
  12 hornets
  A deep troll zombie (Depths:1)
  12 dream sheep
  10 snapping turtles
  A frost giant simulacrum (Abyss:3)
  3 centaur simulacra (D:13)
  74 redbacks
  16 tarantellas
  A spriggan (Depths:4)
  2 shadows
  6 wraiths
  2 ynoxinuls
  29 water elementals
  5 wyverns
  9 humans (D:13)
  4 basilisks
  72 yaks
  A neqoxec (Abyss:3)
  4 chaos spawn
  7 fire elementals
  4 golden eyes (Abyss:3)
  4 steam dragons
  7 vampire mosquitoes
  Menkaure (D:5)
  4 wargs
  A warg (shapeshifter) (D:11)
  4 hell hounds
  2 acid dragons (Lair:6)
  A floating eye (Depths:2)
  42 orc warriors
  18 water moccasins
  A human skeleton (Depths:2)
  2 swamp drakes (Lair:6)
  A black bear (shapeshifter) (D:15)
  6 ice beasts
  3 necrophages
  7 ogres
  4 black bears
  35 wolves
  24 centaurs
  3 phantoms
  2 kobold brigands
  9 small abominations
  2 gnoll sergeants
  10 bullfrogs
  2 earth elementals
  2 scorpions (D:6)
  A glowing shapeshifter simulacrum (Vaults:2)
  6 wights
  9 killer bees
  A howler monkey (D:10)
  A snapping turtle simulacrum (Abyss:2)
  5 electric eels
  A bullfrog zombie (D:6)
  3 jellies
  A bullfrog skeleton (D:4)
  3 hounds
  A quasit (Abyss:3)
  18 orc priests
  5 iguanas
  22 orc wizards
  2 hound zombies (D:5)
  A mummy (D:11)
  Robin (D:4)
  2 howler monkey zombies (D:8)
  14 gnolls
  6 adders
  A river rat (Sewer)
  8 white imps
  An ufetubus (D:13)
  2 adder skeletons (D:4)
  6 worms
  2 dart slugs (D:4)
  105 orcs
  6 ball pythons
  4 bats
  A bat zombie (Shoals:2)
  4 endoplasms
  4 giant cockroaches
  13 goblins
  5 hobgoblins
  10 jackals
  14 kobolds
  2 quokkas
  12 frilled lizards
  6 rats
  A starspawn tentacle (Abyss:3)
2134 creatures vanquished.

Vanquished Creatures (collateral kills)
  Jory (Depths:4)
  Rupert (D:13)
  An Orb Guardian (Zot:5)
  Polyphemus (Shoals:3)
  A death cob (Zot:5)
  Louise (Spider:2)
  A yellow draconian (Zot:5)
  A wolf spider (Spider:2)
  2 demonic crawlers (Spider:2)
  A jumping spider (Spider:2)
  A hornet (Spider:2)
  A shadow (D:13)
  A tarantella (Spider:2)
  A redback (Spider:2)
  2 wolves (D:13)
  An orc (D:12)
18 creatures vanquished.

Vanquished Creatures (others)
  An emperor scorpion (Spider:4)
  A vault guard (D:13)
  2 deep elf zephyrmancers (Elf:1)
  A wolf spider (Spider:4)
  A jumping spider (Spider:4)
  A human (Depths:4)
  A yak (IceCv)
  A basilisk (Lair:6)
  A steam dragon (Lair:6)
  A warg (Orc:2)
  A wolf (IceCv)
  12 fungi
  270 plants
  A starspawn tentacle (Abyss:3)
295 creatures vanquished.

Grand Total: 2447 creatures vanquished

Notes
Turn   | Place    | Note
-------+----------+-------------------------------------------
     0 | D:1      | sawcon the Hill Orc Fighter began the quest for the Orb.
     0 | D:1      | Reached XP level 1. HP: 19/19 MP: 1/1
   293 | D:1      | Reached XP level 2. HP: 27/27 MP: 2/2
   710 | D:1      | Reached XP level 3. HP: 33/33 MP: 3/3
   760 | D:1      | Found a faded altar of an unknown god.
  1012 | D:1      | Became a worshipper of the Wu Jian Council
  1012 | D:1      | Reached * piety under Wu Jian
  1474 | D:2      | Found a white marble altar of Elyvilon.
  1497 | D:1      | Reached XP level 4. HP: 19/41 MP: 4/4
  1735 | D:2      | Reached skill level 5 in Axes
  2907 | D:2      | Reached ** piety under Wu Jian
  3219 | D:2      | Reached XP level 5. HP: 41/47 MP: 5/5
  3695 | D:3      | Found a broken altar of Ashenzari.
  3788 | D:3      | Reached skill level 5 in Fighting
  3868 | D:3      | Found Gousa's Distillery.
  3874 | D:3      | Bought a potion of heal wounds for 65 gold pieces
  4268 | D:4      | Noticed an ogre
  4277 | D:4      | Killed an ogre
  4278 | D:4      | Reached XP level 6. HP: 33/57 MP: 6/6
  4817 | D:4      | Found an ancient bone altar of Kikubaaqudgha.
  4894 | D:4      | Reached XP level 7. HP: 63/63 MP: 7/7
  4922 | D:4      | Reached skill level 1 in Evocations
  5045 | D:4      | Found a runed translucent door.
  5046 | D:4      | Noticed Crazy Yiuf
  5215 | D:4      | Reached skill level 4 in Shields
  5523 | D:4      | Noticed Robin
  5842 | D:4      | Killed Robin
  5847 | D:4      | Reached *** piety under Wu Jian
  6104 | D:3      | Bought a potion of curing for 39 gold pieces
  6104 | D:3      | Bought a potion of lignification for 39 gold pieces
  6155 | D:3      | Found a hazy altar of Hepliaklqana.
  6219 | D:5      | Entered Level 5 of the Dungeon
  6407 | D:5      | Noticed Menkaure
  6416 | D:5      | Killed Menkaure
  6417 | D:5      | Reached XP level 8. HP: 70/70 MP: 8/8
  6518 | D:3      | Bought a potion of lignification for 39 gold pieces
  6989 | D:5      | Noticed a yak
  7023 | D:4      | Killed a yak
  7024 | D:4      | Reached skill level 5 in Armour
  7024 | D:4      | Reached skill level 5 in Shields
  7113 | D:5      | Found a burning altar of Makhleb.
  7716 | D:5      | Reached XP level 9. HP: 67/79 MP: 9/9
  7912 | D:6      | Found Pinunn's Armour Shop.
  7955 | D:6      | Found an iron altar of Okawaru.
  8127 | D:6      | Reached skill level 10 in Axes
  8141 | D:6      | Identified the +1 pair of gloves of the Vanishing Bounties
                  | {*Corrode rC+ Str+4 Dex+3}
  8319 | D:6      | Found a glowing drain.
  8330 | Sewer    | Entered a sewer
  8454 | Sewer    | Found a white marble altar of Elyvilon.
  9111 | D:7      | Found a flagged portal.
  9357 | D:7      | Found a staircase to the Ecumenical Temple.
 10114 | D:8      | Noticed Psyche
 10251 | D:3      | Bought a potion of haste for 130 gold pieces
 10251 | D:3      | Bought a potion of invisibility for 104 gold pieces
 10356 | D:8      | Found a glowing golden altar of the Shining One.
 10511 | D:9      | Reached XP level 10. HP: 92/92 MP: 10/10
 10692 | D:9      | Reached skill level 10 in Fighting
 10901 | D:9      | Reached **** piety under Wu Jian
 11117 | D:9      | Reached skill level 6 in Shields
 11280 | D:9      | Found a shimmering altar of Xom.
 11397 | D:9      | Noticed a two-headed ogre
 11400 | D:9      | Killed a two-headed ogre
 11677 | D:10     | Entered Level 10 of the Dungeon
 11691 | D:10     | Found a hide-covered altar of Uskayaw.
 11702 | D:10     | Noticed a gargoyle
 11728 | D:10     | Reached XP level 11. HP: 102/102 MP: 11/11
 12010 | D:10     | Noticed kd29's ghost (journeyman GrEE)
 12052 | D:10     | Found a transporter.
 12057 | D:10     | Found a transporter.
 12108 | D:10     | Noticed Joseph
 12120 | D:10     | Killed Joseph
 12251 | D:10     | Noticed a two-headed ogre
 12254 | D:10     | Killed a two-headed ogre
 12332 | D:10     | Found a white marble altar of Elyvilon.
 12890 | D:11     | Noticed a two-headed ogre
 12896 | D:11     | Killed a two-headed ogre
 12897 | D:11     | Reached skill level 5 in Evocations
 12993 | D:11     | Noticed a cyclops
 13002 | D:11     | Killed a cyclops
 13299 | D:11     | Found Ilanys's Antique Weapon Emporium.
 13697 | D:11     | Identified 2 scrolls of acquirement
 13697 | D:11     | Acquired a manual of Armour
 13699 | D:11     | Acquired a +4 ring of protection
 14056 | D:8      | Found a staircase to the Lair.
 14065 | Lair:1   | Entered Level 1 of the Lair of Beasts
 14116 | Lair:1   | Reached ***** piety under Wu Jian
 14195 | Lair:1   | Noticed an eight-headed hydra
 14205 | Lair:1   | Killed an eight-headed hydra
 14206 | Lair:1   | Reached XP level 12. HP: 95/113 MP: 12/12
 14394 | Lair:1   | Reached skill level 15 in Axes
 14493 | Lair:1   | Noticed MikuNakano's ghost (journeyman VSFi)
 14500 | Lair:1   | Found a transporter.
 14502 | Lair:1   | Found a transporter.
 14503 | Lair:1   | Found a bloodstained altar of Trog.
 14573 | Lair:1   | Noticed an eight-headed hydra
 14578 | Lair:1   | Killed an eight-headed hydra
 15193 | Lair:2   | Found a hole to the Spider Nest.
 15366 | Lair:2   | Reached skill level 10 in Armour
 15390 | Lair:2   | Found a staircase to the Shoals.
 16214 | Lair:3   | Noticed Snorg
 17124 | Lair:3   | Identified the +8 great mace of the Wasp {spect, Will+
                  | Str+4 Int-2}
 17124 | Lair:3   | Noticed a death yak
 17124 | Lair:3   | Noticed a death yak
 17125 | Lair:3   | Noticed a death yak
 17125 | Lair:3   | damn bro nice mace
 17183 | Lair:2   | Killed a death yak
 17244 | Lair:3   | Noticed a death yak
 17260 | Lair:2   | Killed a death yak
 17261 | Lair:2   | Reached XP level 13. HP: 98/124 MP: 13/13
 19010 | Lair:4   | Reached skill level 15 in Armour
 19718 | Lair:4   | lol
 21122 | Lair:6   | Entered Level 6 of the Lair of Beasts
 21765 | Lair:6   | Found a viscous altar of Jiyva.
 21765 | Lair:6   | Found a staircase to the Slime Pits.
 21959 | Lair:6   | Found a runed translucent door.
 21960 | Lair:6   | Noticed an ice dragon
 21968 | Lair:6   | Reached XP level 14. HP: 125/132 MP: 14/14
 22273 | Lair:6   | Reached skill level 7 in Shields
 22788 | Lair:6   | Reached ****** piety under Wu Jian
 23563 | D:8      | Killed Psyche
 23630 | D:8      | Found a bloodstained altar of Trog.
 23944 | D:12     | Reached skill level 8 in Shields
 24278 | D:12     | Reached skill level 15 in Fighting
 24302 | D:12     | Noticed Erolcha
 24303 | D:12     | Noticed Jorgrun
 24387 | D:12     | Noticed Azrael
 24397 | D:12     | Killed Azrael
 24440 | D:12     | Found a staircase to the Orcish Mines.
 24440 | D:12     | Noticed Fannar
 24446 | D:12     | Killed Fannar
 24452 | Orc:1    | Entered Level 1 of the Orcish Mines
 24883 | Orc:1    | Reached skill level 9 in Shields
 25311 | Orc:1    | Found a roughly hewn altar of Beogh.
 25494 | Orc:2    | Entered Level 2 of the Orcish Mines
 26190 | Orc:2    | Noticed an orc warlord
 26239 | Orc:1    | Killed an orc warlord
 26425 | Orc:2    | Reached XP level 15. HP: 143/143 MP: 15/15
 26608 | Orc:2    | Found a staircase to the Elven Halls.
 26643 | Orc:2    | Found a roughly hewn altar of Beogh.
 26789 | Orc:2    | Found Idghegif's Antique Weapon Boutique.
 26789 | Orc:2    | Found Lirofak's Distillery.
 26791 | Orc:2    | Found Zosa's Antique Armour Shoppe.
 26793 | Orc:2    | Found Ryop's Book Shop.
 26810 | Orc:2    | Bought a pair of runed boots for 180 gold pieces
 27075 | Orc:2    | Bought 2 potions of attraction for 90 gold pieces
 27075 | Orc:2    | Bought a potion of heal wounds for 75 gold pieces
 27075 | Orc:2    | Bought a potion of resistance for 150 gold pieces
 27075 | Orc:2    | Bought a potion of heal wounds for 75 gold pieces
 27075 | Orc:2    | Bought a potion of heal wounds for 75 gold pieces
 27155 | D:12     | Reached skill level 10 in Shields
 27159 | D:12     | Killed Jorgrun
 27426 | D:13     | Found a frozen archway.
 27451 | IceCv    | Entered an ice cave
 27817 | IceCv    | Reached skill level 10 in Evocations
 27922 | IceCv    | Noticed a frost giant
 27959 | IceCv    | Killed a frost giant
 27960 | IceCv    | Reached skill level 1 in Dodging
 28270 | IceCv    | Identified the ring "Geokinn" {EV+4 Int+7 Dex+2}
 28323 | D:13     | Found the +5 sword of Power {vorpal}
 28370 | D:13     | Noticed Rupert
 28380 | D:13     | Paralysed by Rupert for 6 turns
 28384 | D:13     | Killed Rupert
 28884 | D:13     | Found a gate to the Vaults.
 29049 | D:13     | Noticed Josephine
 29059 | D:13     | Killed Josephine
 29699 | D:14     | Reached skill level 11 in Shields
 30009 | D:14     | Reached XP level 16. HP: 154/154 MP: 16/16
 30571 | D:14     | Identified the +5 battleaxe "Leviticus" {freeze, rElec
                  | Str-5 Stlth+}
 30681 | D:15     | Entered Level 15 of the Dungeon
 30942 | D:15     | Found a basalt altar of Yredelemnul.
 31187 | D:15     | Reached skill level 5 in Dodging
 31633 | D:15     | Found a staircase to the Depths.
 31763 | D:12     | Killed Erolcha
 31950 | D:12     | Reached skill level 12 in Shields
 32118 | Spider:1 | Entered Level 1 of the Spider Nest
 32236 | Spider:1 | Noticed Agnes
 32250 | Spider:1 | Killed Agnes
 33508 | Spider:2 | Noticed Louise
 33525 | Spider:2 | Killed Louise
 33979 | Spider:2 | Reached skill level 13 in Shields
 34476 | Spider:2 | Identified the +3 ring mail of Addadymu {Contam Harm rElec
                  | Str-3}
 34711 | Spider:3 | Reached XP level 17. HP: 152/153 MP: 17/17
 36703 | Spider:4 | Entered Level 4 of the Spider Nest
 36805 | Spider:4 | Reached skill level 14 in Shields
 38231 | Spider:4 | Reached skill level 15 in Shields
 38646 | Spider:4 | Got a gossamer rune of Zot
 38653 | Spider:4 | Upgraded the game from 0.27-a0-1177-g245c70e1c0 to
                  | 0.27-a0-1181-g5f64966fcc
 38797 | Shoals:1 | Entered Level 1 of the Shoals
 39374 | Shoals:1 | Noticed Frances
 39380 | Shoals:1 | Killed Frances
 39464 | Shoals:1 | Identified the +2 scale mail of the First Lovers {*Corrode
                  | Str+4 Dex+4}
 39651 | Shoals:1 | Reached XP level 18. HP: 172/172 MP: 18/18
 40038 | Shoals:2 | Found Turphaud's Assorted Antiques.
 40038 | Shoals:2 | Noticed Ilsuiw
 40805 | Shoals:2 | Bought a scroll of enchant weapon for 285 gold pieces
 40805 | Shoals:2 | Bought a tin of tremorstones (2/2) for 1520 gold pieces
 41405 | Shoals:3 | Identified the +10 plate armour of Opimutru {Fly Str+3
                  | Slay+3}
 41617 | Shoals:3 | Noticed Polyphemus
 41944 | Shoals:3 | Killed Polyphemus
 42421 | Shoals:4 | Entered Level 4 of the Shoals
 42487 | Shoals:4 | Identified the +5 hand axe of the Vanishing Dances {elec,
                  | Fly Str+2 Dex+4}
 42690 | Shoals:4 | Acquired a +5 vorpal broad axe
 43140 | Shoals:4 | Got a barnacled rune of Zot
 43718 | Shoals:4 | Reached XP level 19. HP: 133/183 MP: 19/19
 44307 | D:10     | Killed kd29's ghost
 44454 | Vaults:1 | Entered Level 1 of the Vaults
 44645 | Vaults:1 | Identified the +1 ring mail of the Several Coins {Regen+}
 46757 | Vaults:1 | Reached XP level 20. HP: 183/200 MP: 20/20
 47567 | Vaults:2 | Paralysed by a sphinx for 3 turns
 48221 | Vaults:2 | Found a large runed translucent door.
 48221 | Vaults:2 | Found a large runed translucent door.
 48222 | Vaults:2 | Found a large runed translucent door.
 48222 | Vaults:2 | Found a large runed translucent door.
 48222 | Vaults:2 | Found a large runed translucent door.
 48222 | Vaults:2 | Found a large runed translucent door.
 48222 | Vaults:2 | Found a large runed translucent door.
 48222 | Vaults:2 | Found a large runed translucent door.
 48222 | Vaults:2 | Noticed howech's ghost (veteran MiGl)
 48674 | Vaults:2 | Found Begrigac's Distillery.
 49007 | Vaults:2 | Reached skill level 16 in Shields
 49167 | Vaults:3 | Reached skill level 15 in Evocations
 50494 | Vaults:3 | Reached XP level 21. HP: 186/207 MP: 21/21
 50965 | Vaults:3 | Found a staircase to the Crypt.
 51090 | Vaults:4 | Noticed Margery
 51184 | Vaults:3 | Killed Margery
 51314 | Vaults:4 | Reached skill level 17 in Shields
 52974 | Elf:1    | Entered Level 1 of the Elven Halls
 53563 | Elf:1    | Identified Kikubaaqudgha's Compendium of Dark Secrets
 53576 | Elf:1    | Found an ancient bone altar of Kikubaaqudgha.
 54655 | Elf:1    | Reached XP level 22. HP: 198/215 MP: 22/22
 54909 | Elf:2    | Identified the +6 dagger of Darkness {elec, rPois rC+}
 55049 | Elf:2    | Found Imiz Fywn's Book Emporium.
 55227 | Elf:2    | Found a runed translucent gate.
 55227 | Elf:2    | Found a runed translucent gate.
 55227 | Elf:2    | Found a runed translucent gate.
 55672 | Elf:3    | Entered Level 3 of the Elven Halls
 55785 | Elf:3    | Found Kunorupu's Weapon Boutique.
 56496 | Elf:3    | Reached skill level 10 in Dodging
 57176 | Elf:3    | Identified the ring of Wihur {*Slow Fly rF+ rCorr Dex+6}
 57185 | Elf:3    | Cast into level 2 of the Abyss (a deep elf demonologist)
 57232 | Elf:3    | Escaped the Abyss
 57615 | Elf:3    | Reached skill level 18 in Shields
 57821 | Elf:3    | Identified the +1 robe of Vexation {rC- Dex+7 Slay+2}
 57821 | Elf:3    | Identified the +9 falchion of the Manifold Invaders {drain,
                  | rPois rC+ Int+3 Dex+4}
 58047 | Elf:3    | Cast into level 3 of the Abyss (a deep elf sorcerer)
 58047 | Abyss:3  | Found a corrupted altar of Lugonu.
 58086 | Abyss:3  | Found a corrupted altar of Lugonu.
 58087 | Abyss:3  | Gained mutation: You tend to lose your temper in combat. [a
                  | neqoxec]
 58090 | Abyss:3  | Gained mutation: Your spells are a little harder to cast,
                  | but a little more powerful. [a neqoxec]
 58107 | Abyss:3  | Identified the +8 war axe of Ereruer {holy, Will+}
 58335 | Abyss:3  | Identified the ring "Bew Qios" {Will- rCorr MP+9 Str+7}
 58436 | Elf:3    | Escaped the Abyss
 58436 | Elf:3    | Identified the +7 chain mail of Ovaru {rC+}
 58620 | Elf:3    | Identified the amulet "Deocwit" {Acrobat Int+3 Slay+2}
 58620 | Elf:3    | Identified the +1 glaive of Uncertain Death {drain, rC+
                  | Str+2}
 58817 | Elf:3    | Found the +3 hat of Pondering {ponderous, Will+ MP+10
                  | Int+5}
 58831 | Elf:3    | Identified Further Steps in Thaumaturgy
 58928 | Elf:3    | Lost mutation: Your spells are a little harder to cast, but
                  | a little more powerful. [potion of mutation]
 58928 | Elf:3    | Lost mutation: You tend to lose your temper in combat.
                  | [potion of mutation]
 58928 | Elf:3    | Gained mutation: Your mind is acute. (Int +2) [potion of
                  | mutation]
 58928 | Elf:3    | Gained mutation: Armour fits poorly on your strangely
                  | shaped body. [potion of mutation]
 58928 | Elf:3    | Gained mutation: You sometimes lose the ability to read
                  | scrolls when taking damage. [potion of mutation]
 58929 | Elf:3    | Lost mutation: Armour fits poorly on your strangely shaped
                  | body. [potion of mutation]
 58929 | Elf:3    | Gained mutation: You are partially covered in iridescent
                  | scales. (AC +2) [potion of mutation]
 58929 | Elf:3    | Gained mutation: You have a pair of small horns on your
                  | head. [potion of mutation]
 59285 | D:3      | Bought a potion of mutation for 104 gold pieces
 59285 | D:3      | Bought a potion of mutation for 104 gold pieces
 59923 | Depths:1 | Entered Level 1 of the Depths
 59974 | Depths:1 | Reached XP level 23. HP: 220/226 MP: 23/23
 60341 | Depths:1 | Found a gateway to Hell.
 60635 | Depths:1 | Reached skill level 19 in Shields
 60803 | Depths:1 | Found a stormy altar of Qazlal.
 61184 | Depths:2 | Found a gateway to a ziggurat.
 61265 | Depths:2 | Found a one-way gate leading to the halls of Pandemonium.
 62124 | Depths:2 | Found Zapenith's Book Emporium.
 62124 | Depths:2 | Found Xyohuap's Jewellery Boutique.
 62125 | Depths:2 | Found Mahy's Book Emporium.
 62137 | Depths:2 | Bought the ring "Isikh" {rF+ Will+} for 564 gold pieces
 62879 | Depths:3 | Identified the ring "Biyrgheala" {rPois Will+ Str+6 Stlth-}
 62908 | Depths:3 | Found Ticyteet's Weapon Shoppe.
 62910 | Depths:3 | Found Ihowkun's Armour Shoppe.
 62910 | Depths:3 | Found Jeytuh's Weapon Emporium.
 62933 | Depths:3 | Found Maelegg's Book Emporium.
 63194 | Depths:3 | Reached skill level 20 in Shields
 63330 | Depths:3 | Found Tiemonea's Weapon Boutique.
 64030 | Depths:4 | Noticed Mara
 64058 | Depths:4 | Noticed Xtahua
 64061 | Depths:4 | Killed Mara
 64062 | Depths:4 | Reached XP level 24. HP: 217/238 MP: 23/23
 64068 | Depths:4 | Killed Xtahua
 64069 | Depths:4 | Reached skill level 1 in Throwing
 64320 | Depths:4 | Found a radiant altar of Vehumet.
 64486 | Depths:4 | Reached skill level 5 in Throwing
 64504 | Depths:4 | Noticed Jory
 64518 | Depths:4 | Killed Jory
 64833 | Depths:4 | Identified the ring "Puhes" {rElec rC+ Will++ Int-4 Dex+6}
 65002 | Depths:4 | Found a one-way gate to the infinite horrors of the Abyss.
 65107 | Depths:4 | Reached skill level 21 in Shields
 65131 | Depths:4 | Found a runed door.
 65693 | Depths:4 | Noticed a dread lich
 65695 | Depths:4 | Noticed a dread lich
 65702 | Depths:4 | Killed a dread lich
 65703 | Depths:4 | Reached skill level 10 in Throwing
 65707 | Depths:4 | Killed a dread lich
 65714 | Depths:4 | Found the +2 robe of Vines {NoPotionHeal Regen+++}
 65714 | Depths:4 | Found the +2 Maxwell's thermic engine {flame, freeze}
 65720 | Depths:4 | Identified the ring of Pyrogg {rC+ rN++}
 65738 | Depths:4 | Identified the Papyrus of Earth and Translocation
 65744 | Depths:4 | Acquired 374 gold pieces
 65873 | Depths:5 | Entered Level 5 of the Depths
 65998 | Depths:5 | Noticed a caustic shrike
 66006 | Depths:5 | Noticed a caustic shrike
 66009 | Depths:5 | Noticed a caustic shrike
 66011 | Depths:5 | Noticed a caustic shrike
 66013 | Depths:5 | Killed a caustic shrike
 66022 | Depths:5 | Killed a caustic shrike
 66028 | Depths:5 | Killed a caustic shrike
 66034 | Depths:5 | Killed a caustic shrike
 66540 | Depths:5 | Reached XP level 25. HP: 213/245 MP: 23/23
 67539 | Depths:5 | Found a gate to the Realm of Zot.
 67711 | Depths:5 | Upgraded the game from 0.27-a0-1181-g5f64966fcc to
                  | 0.27-a0-1184-ge86db4a01e
 68201 | Vaults:5 | Entered Level 5 of the Vaults
 68333 | Vaults:5 | Reached skill level 15 in Throwing
 68373 | Vaults:5 | Reached skill level 22 in Shields
 68407 | Vaults:5 | Identified the +0 pair of gloves of Indecent Exposure
                  | {rElec Int+8 Stlth-}
 68409 | Vaults:5 | Identified the Almanac of Intoxication and Ignition
 69361 | Vaults:5 | Identified the ring of Iluaq {Fly Dex+2}
 69460 | Vaults:5 | Reached XP level 26. HP: 254/254 MP: 23/23
 69565 | Vaults:5 | Found Tudup's Assorted Antiques.
 69669 | Vaults:5 | Identified the +8 morningstar of Datiufea {flame, Str+3}
 69712 | Vaults:5 | Reached skill level 23 in Shields
 69786 | Vaults:5 | Noticed an ancient lich
 70024 | Vaults:5 | Identified the +1 plate armour "Eshriala" {rPois Int+3}
 70115 | Vaults:5 | Identified the +5 kite shield of Surchiur {+Blink rCorr
                  | Dex-3 Slay+2}
 70140 | Vaults:5 | Got a silver rune of Zot
 70367 | Vaults:5 | Identified the +8 chain mail of Tistrinle {Will- Dex+6
                  | Slay+2}
 70619 | Vaults:5 | Identified the +7 trident "Inidob" {freeze, Fragile rF+
                  | Dex+3 SInv}
 71189 | Vaults:5 | Bought a wand of digging (2) for 256 gold pieces
 71189 | Vaults:5 | Bought a pair of embroidered boots for 240 gold pieces
 71306 | Vaults:2 | Bought a potion of might for 68 gold pieces
 71306 | Vaults:2 | Bought a potion of resistance for 170 gold pieces
 71306 | Vaults:2 | Bought a potion of might for 68 gold pieces
 71684 | D:6      | Bought a +1 pair of gloves of archery for 214 gold pieces
 72005 | Depths:3 | Bought the +0 pair of fencer's gloves {Riposte Dex+3} for
                  | 720 gold pieces
 72005 | Depths:3 | Found the +0 pair of fencer's gloves {Riposte Dex+3}
 72093 | Zot:1    | Entered Level 1 of the Realm of Zot
 72667 | Zot:1    | Noticed an ancient lich
 73266 | Zot:2    | Acquired 698 gold pieces
 73267 | Zot:2    | Acquired 786 gold pieces
 73268 | Zot:2    | Acquired the +14 obsidian axe {vorpal, Drain Fly SInv}
 73269 | Zot:2    | Found the +14 obsidian axe {vorpal, Drain Fly SInv}
 74665 | Zot:5    | Entered Level 5 of the Realm of Zot
 74707 | Zot:5    | Reached skill level 24 in Shields
 75408 | Zot:5    | Reached XP level 27. HP: 230/264 MP: 23/23
 75990 | Zot:5    | Noticed an orb of fire
 76000 | Zot:5    | Gained mutation: Your flesh is heat resistant. (rF+) [an
                  | orb of fire]
 76004 | Zot:5    | Killed an orb of fire
 76024 | Zot:5    | Noticed a dread lich
 76025 | Zot:5    | Noticed an ancient lich
 76043 | Zot:5    | Killed a dread lich
 76044 | Zot:5    | Killed an ancient lich
 76054 | Zot:5    | Noticed a dread lich
 76061 | Zot:5    | Noticed an orb of fire
 76084 | Zot:5    | Killed a dread lich
 76087 | Zot:5    | Gained mutation: Your magical capacity is low. (-10% MP)
                  | [an orb of fire]
 76088 | Zot:5    | Gained mutation: You tend to lose your temper in combat.
                  | [an orb of fire]
 76089 | Zot:5    | Reached skill level 25 in Shields
 76089 | Zot:5    | Killed an orb of fire
 76297 | Zot:5    | Noticed an orb of fire
 76307 | Zot:5    | Killed an orb of fire
 76329 | Zot:5    | Noticed an ancient lich
 76351 | Zot:5    | Killed an ancient lich
 76576 | Zot:5    | Noticed an orb of fire
 76663 | Zot:5    | Killed an orb of fire
 76669 | Zot:5    | Noticed an orb of fire
 76680 | Zot:5    | Gained mutation: Your magical capacity is very low. (-20%
                  | MP) [an orb of fire]
 76683 | Zot:5    | Killed an orb of fire
 76994 | Zot:5    | Reached skill level 26 in Shields
 77044 | Zot:5    | Noticed an orb of fire
 77047 | Zot:5    | Killed an orb of fire
 77382 | Zot:5    | Noticed a dread lich
 77406 | Zot:5    | Killed a dread lich
 77852 | Zot:5    | Noticed an ancient lich
 77874 | Zot:5    | Killed an ancient lich
 77875 | Zot:5    | Reached skill level 27 in Shields
 78231 | Zot:5    | Lost mutation: You are partially covered in iridescent
                  | scales. (AC +2) [potion of mutation]
 78231 | Zot:5    | Lost mutation: Your magical capacity is very low. (-20% MP)
                  | [potion of mutation]
 78231 | Zot:5    | Gained mutation: Your flesh is very heat resistant. (rF++)
                  | [potion of mutation]
 78231 | Zot:5    | Gained mutation: You evolve. [potion of mutation]
 78231 | Zot:5    | Gained mutation: Your flesh is cold resistant. (rC+)
                  | [potion of mutation]
 78232 | Zot:5    | Lost mutation: You sometimes lose the ability to read
                  | scrolls when taking damage. [potion of mutation]
 78232 | Zot:5    | Lost mutation: Your magical capacity is low. (-10% MP)
                  | [potion of mutation]
 78232 | Zot:5    | Gained mutation: Your system is resistant to poisons.
                  | (rPois) [potion of mutation]
 78232 | Zot:5    | Gained mutation: You have sharp toenails. [potion of
                  | mutation]
 78236 | Zot:5    | Got the Orb of Zot
 78381 | Zot:3    | Noticed Jugun the pandemonium lord
 78752 | D:9      | Noticed Daihaemujo the pandemonium lord
 78790 | D:8      | Noticed Ryde Byco the pandemonium lord
 78981 | D:$      | Escaped with the Orb!

Illustrated notes Y.Y...... .......... .#........P ...)........# ............# ............# ..........P## .........@P# #. .#.......## ...#.#.....## ...#.#......# ...........### .............# ............## ............## ............P# Turn 17125 on Lair:3: damn bro nice mace

...............#..#.....#..##....
...............#...........#P....
...............#.......##..#.....
....................###.......P..
......##....##..##.......#...P...
..............#..##.....##.......
..##.........P...####+..#........
................####.............
...#............@##.#..###.......
...................##.## ####....
.........#...).......#.# ##...
.........#............## #...
......................## #....
.......................### #.....
........##............#....##....
...........................###...
.........................##......


Turn 19718 on Lair:4: lol

Levels and vault maps discovered:
D:1:      minmay_arrival_stone_box, layout_loops_corners,
          hellmonk_ecumenical_altar_arch_garden, minmay_lizard_king
D:2:      layout_basic, basic_altar
D:3:      layout_rooms, ashenzari_conservatory_becter,
          nicolae_hepliaklqana_hippocampus, serial_shops, shop
D:4:      layout_gridville, overflow_temple_1_default, uniq_robin,
          uniq_crazy_yiuf_cottage
D:5:      layout_gridville, kennysheep_little_box,
          kennysheep_opposing_triangles, uniq_menkaure
D:6:      layout_basic, okawaru_gym_becter, cheibrodos_sewer_entry_bend,
          serial_shops, shop_statue, roderic_lattice_a, hangedman_glass_teeth,
          columned_hall_lemuel, kennysheep_generic_room_9
D:7:      layout_rooms, minmay_temple_entry_offerings, enter_bailey_6,
          grunt_decor_junction
D:8:      layout_gridville, trog_ov_bears_minmay, overflow_temple_1_default,
          lair_entry_dummy, kennysheep_nub, uniq_psyche
D:9:      layout_loops_corners, lemuel_doored_altar
D:10:     layout_roguey, overflow_temple_1_default,
          nicolae_elyvilon_temple_path, gammafunk_ghost_hive, uniq_joseph
D:11:     layout_irregular_city, serial_shops, kennysheep_mini_moat,
          serial_undead, serial_undead_b, serial_undead_c, serial_undead_e,
          serial_undead_a, serial_undead_b
D:12:     layout_loops_ring, david_orc_2, uniq_azrael, uniq_jorgrun,
          uniq_erolcha, uniq_fannar
D:13:     layout_grid_maze, ximxim_vaults_locker_room, serial_ice, serial_ice_c,
          serial_ice_f, serial_ice_i, serial_ice_n, serial_ice_d,
          portal_ice_cave_entry_pillars_2, uniq_rupert, uniq_josephine
D:14:     minmay_coctagon, layout_basic
D:15:     grunt_enter_depths_hoard, layout_loops_cross, old_standard_altar
Lair:1:   layout_hall_layers, gammafunk_ghost_wrathful_warriors,
          serial_bayou_pond_e
Lair:2:   layout_chaotic_city, elwin_shoals_entry_stream,
          spider_nest_entry_web_field
Lair:3:   layout_gridlike, st_stairs_12, grunt_megastairs_3, lemuel_fruit_tree,
          uniq_snorg
Lair:4:   layout_cave_shapes, grunt_megastairs_2
Lair:5:   layout_long_grid, serial_bayou_pond_c, grunt_megastairs_1,
          minmay_lair_oklob_chamber
Lair:6:   guppyfry_lair_end_dragon, layout_misc_corridors, wormcave,
          dpeg_slime_entry_enclosed_altar
Shoals:1: layout_shoals, uniq_frances
Shoals:2: layout_shoals, serial_shops, shop, nicolae_shoals_undead_eyrie,
          uniq_ilsuiw
Shoals:3: layout_shoals, uniq_polyphemus
Shoals:4: shoals_end_grunt_garden, layout_shoals
Spider:1: layout_spider_delve, uniq_agnes
Spider:2: layout_spider_delve, nicolae_spider_spiderdrome, uniq_louise
Spider:3: layout_chambers, nicolae_orb_stairs
Spider:4: grunt_spider_rune_circles
Orc:1:    minmay_goldmine, layout_caves, basic_altar
Orc:2:    st_orc_rangers, layout_caves, basic_altar
Elf:1:    eino_elf_arrival_the_gate, layout_geoelf_octagon, basic_altar,
          minmay_elf_necromancy, minivault_25
Elf:2:    layout_onion_city, serial_shops, shop
Elf:3:    elf_hall, layout_rooms, serial_shops, nicolae_shop_stone
Vaults:1: v_misc_9, v_misc_12, v_rooms_6, grunt_vaults_focal,
          ontoclasm_vaults_gateway, nicolae_vaults_big_ls, v_rooms_2,
          hangedman_vaults_nails, v_misc_15,
          hangedman_vaults_stretched_pinwheel, nicolae_vaults_rhombus_7,
          vaults_room_pool, layout_vaults_omnicross
Vaults:2: advil_vaults_ghost_lines, vaults_room_door_ring, v_misc_11,
          grunt_vaults_bifocal, grunt_vaults_hallway_short, v_misc_29,
          nicolae_vaults_big_angled_halls, ontoclasm_vaults_loading_screen,
          nicolae_vaults_little_squares_3, grunt_vaults_funnel,
          layout_vaults_omnigrid, serial_shops, nicolae_shop_behind_doors
Vaults:3: grunt_vaults_twisty, minmay_crypt_entry_simple_corners, v_misc_15,
          st_star, v_misc_29, nicolae_vaults_theta, vaults_room_fours,
          nicolae_vaults_border_crossing, v_pattern_4,
          vaults_room_stairs_pillars, nicolae_vaults_rhombus_5,
          layout_vaults_chaotic_city
Vaults:4: vaults_mumra_minichess_inversion, ontoclasm_vaults_eye,
          nicolae_vaults_network_s, vaults_room_stairs_pillars, v_misc_1,
          v_misc_9, ontoclasm_vaults_ring_large, hangedman_vaults_locks,
          hangedman_vaults_stretched_pinwheel, nicolae_vaults_big_angled_halls,
          vaults_dpeg_hooks, vaults_dpeg_diagonal, vaults_room_hallway,
          layout_vaults_ring, serial_glass, uniq_margery
Vaults:5
Depths:1: layout_gridlike, chequers_serial_rivers_room_b, hell_entry,
          nicolae_qazlal_style_of_elements, serial_bayou_shore_a, firewood_loft,
          kennysheep_cross_landing
Depths:2: kennysheep_spiral_hall, layout_cave_shapes, enter_ziggurat_b,
          grunt_hell_entry_dis_grunt, pan_entry, hellmonk_bongcloud_opening,
          minmay_staircase_statues_hall_small, minmay_shop_grove,
          serial_bayou_shore_b, serial_bayou_shore_b
Depths:3: evilmike_halls_of_destruction, layout_gridlike,
          rand_demon_pan_entry_4, hell_entry, serial_shops, shop,
          serial_bayou_shore_b, minmay_shoptagon, grunt_megastairs_4,
          infiniplex_staircase_zigzag_3
Depths:4: evilmike_wizard_prison, layout_gridlike, rand_demon_pan_entry_8,
          hangedman_decor_cross_pass, hell_entry, abyss_entry_small_statue_room,
          grunt_ministairs_3, nicolae_vehumet_radiance, serial_bayou_shore_b,
          uniq_jory, uniq_xtahua, uniq_mara
Depths:5: evilmike_zot_entry_round, layout_basic, hell_entry,
          minmay_room_of_horrors
Zot:1:    gammafunk_sealed_library, layout_gridlike, gammafunk_ghost_split,
          hangedman_snake_sidewinding
Zot:2:    nicolae_moth_party, layout_cathedral_of_symmetry
Zot:3:    layout_misc_corridors, hangedman_zot_decor_checkerboard
Zot:4:    layout_basic, hangedman_spider_trapstep
Zot:5:    layout_twisted_circle, st_stairs_14, bh_zot_ikea_curve

Skill      XL: |  1  2  3  4  5  6  7  8  9 10 11 12 13 14 15 16 17 18 19 20 21 22 23 24 25 26 27 |
---------------+----------------------------------------------------------------------------------+-----
Axes           | 3 4 5 6 7 8 9 11 13 14 15 17 | 17.9
Fighting       | 4 5 6 7 9 11 12 14 15 16 18 19 22 23 24 25 | 25.4
Evocations     | 2 4 6 7 10 11 14 15 17 | 17.0
Armour         | 4 5 7 8 13 16 17 18 19 20 21 22 | 22.0
Shields        | 4 5 6 9 11 13 15 16 17 18 20 21 22 24 27 | 27.0
Dodging        | 4 7 9 10 12 13 | 13.0
Throwing       | 14 16 | 16.0
Maces & Flails | |  0.7

Action                   |  1- 3 |  4- 6 |  7- 9 | 10-12 | 13-15 | 16-18 | 19-21 | 22-24 | 25-27 || total
-------------------------+-------+-------+-------+-------+-------+-------+-------+-------+-------++-------
Melee: War axe           |   126 |   132 |   222 |       |       |       |       |       |       ||   480
       Dire flail        |       |    29 |       |       |       |       |       |       |       ||    29
       Broad axe         |       |       |   126 |   486 |  1350 |  1643 |  1212 |  1324 |  1231 ||  7372
       Morningstar       |       |       |       |       |    10 |       |       |       |       ||    10
       Headbutt          |       |       |       |       |       |       |       |   286 |   447 ||   733
 Fire: Hunting sling     |       |       |    17 |       |       |       |       |       |       ||    17
Throw: Dart              |       |       |     5 |       |     3 |     2 |       |       |       ||    10
       Throwing net      |       |       |       |     1 |       |       |       |       |     2 ||     3
       Javelin           |       |       |       |       |       |       |       |       |    27 ||    27
Invok: Lunge             |       |     8 |    14 |    31 |    70 |   131 |    93 |   107 |    90 ||   544
       Whirlwind         |       |     1 |     8 |     3 |    71 |    60 |   119 |    92 |   119 ||   473
       Serpent's Lash    |       |       |       |       |     2 |       |       |       |     2 ||     4
       Heavenly Storm    |       |       |       |       |     1 |     1 |     1 |     1 |     4 ||     8
 Abil: Wall Jump         |       |       |       |       |     1 |       |     1 |     2 |     4 ||     8
       Evoke Invisibilit |       |       |       |       |       |     3 |       |       |     2 ||     5
Evoke: Wand              |       |     1 |     1 |    16 |     3 |     4 |       |     3 |    25 ||    53
       Phantom mirror    |       |       |       |       |     3 |     2 |       |     1 |       ||     6
       Box of beasts     |       |       |       |       |     2 |     1 |       |       |       ||     3
       Phial of floods   |       |       |       |       |       |     4 |     1 |     1 |     1 ||     7
       Tin of tremorston |       |       |       |       |       |       |     5 |       |     2 ||     7
       Condenser vane    |       |       |       |       |       |       |       |     1 |       ||     1
  Use: Potion            |       |     1 |     1 |       |     2 |     2 |       |     2 |    15 ||    23
       Scroll            |       |       |     9 |    10 |    12 |     4 |     4 |     2 |    14 ||    55
 Stab: Held in net/web   |       |       |       |     1 |       |     4 |       |       |     2 ||     7
       Paralysed         |       |       |       |       |    11 |     3 |       |     1 |    16 ||    31
       Invisible         |       |       |       |       |     6 |     4 |       |       |       ||    10
       Petrified         |       |       |       |       |       |     5 |       |       |       ||     5
       Petrifying        |       |       |       |       |       |     2 |       |       |       ||     2
       Distracted        |       |       |       |       |       |       |     1 |     1 |       ||     2
Armor: Scale mail        |    49 |    41 |       |       |       |       |       |       |       ||    90
       Plate armour      |       |    32 |   127 |   168 |    47 |    59 |   250 |   240 |   243 ||  1166
       Skin              |       |       |     1 |       |       |       |       |       |       ||     1
       Gold dragon scale |       |       |       |       |   443 |   452 |       |       |       ||   895
Dodge: Dodged            |    36 |    40 |    50 |    49 |   203 |   391 |   263 |   245 |   232 ||  1509
Block: Kite shield       |    57 |    58 |   230 |   316 |   945 |  1191 |   788 |   765 |   795 ||  5145
       Reflection        |       |       |     2 |     8 |    89 |    65 |    67 |    35 |    30 ||   296
       Rpst.: Broad axe  |       |       |       |       |       |       |       |       |    14 ||    14

Table legend: (Time is in decaauts)
 A = Elapsed time spent in this place.
 B = Non-inter-level travel time spent in this place.
 C = Inter-level travel time spent in this place.
 D = Time resting spent in this place.
 E = Time spent auto-exploring this place.
 F = Levels seen in this place.
 G = Mean time per level.
                   A        B        C        D        E       F      G
               +--------+--------+--------+--------+--------+-----+--------+
         Total |  79251 |  72605 |   6646 |  21127 |  24094 |  53 | 1495.3 |
       Dungeon |  21198 |  17848 |   3350 |   3669 |   6409 |  15 | 1413.2 |
          Lair |   9927 |   9417 |    510 |   3277 |   3573 |   6 | 1654.5 |
        Shoals |   5198 |   4982 |    216 |   1382 |   1064 |   4 | 1299.5 |
   Spider Nest |   6126 |   5923 |    203 |   1903 |   2226 |   4 | 1531.5 |
  Orcish Mines |   2779 |   2468 |    311 |    531 |   1047 |   2 | 1389.5 |
   Elven Halls |   5787 |   5411 |    376 |   1944 |   1541 |   3 | 1929.0 |
        Vaults |  11755 |  10927 |    828 |   3592 |   3775 |   5 | 2351.0 |
        Depths |   8774 |   8115 |    659 |   1806 |   4320 |   5 | 1754.8 |
           Zot |   6257 |   6068 |    189 |   2698 |      0 |   5 | 1251.4 |
         Abyss |    418 |    418 |      0 |      8 |      0 |   2 |  209.0 |
         Sewer |    211 |    211 |      0 |      0 |    137 |   1 |  211.0 |
      Ice Cave |    816 |    816 |      0 |    312 |      0 |   1 |  816.0 |
               +--------+--------+--------+--------+--------+-----+--------+

Top non-repeatable levels by time:
   Zot:5: 3681 daAuts
Vaults:5: 3055 daAuts
   Elf:3: 2927 daAuts
Vaults:1: 2705 daAuts
Depths:4: 2345 daAuts
     D:2: 2337 daAuts
Vaults:2: 2302 daAuts
  Lair:6: 2194 daAuts
Depths:5: 2174 daAuts
Vaults:3: 2143 daAuts
  Lair:2: 2121 daAuts
   Elf:1: 2055 daAuts
Spider:3: 2008 daAuts
     D:4: 1952 daAuts
Spider:4: 1916 daAuts
